cohdb
Replays
Latest Replays
All Replays
Popular Replays
Top Player Replays
Match Explorer
How It Works
Community
CoH3 Stats
Reddit
Sign in to upload your games and track your stats! →
Sign in with Steam
Match 32406992
Unlisted
Match 32406992
Overview
Messages
Build Orders
End
Vickers Machine Gun Team
Construct Section Command Post
Selects Indian Artillery Battlegroup
Infantry Section
Infantry Section
Infantry Section
Construct Platoon Command Post
Construct Field Infirmary
Construct Field Infirmary
Selects Artillery Saturation
6-pounder Anti-tank Gun Team
Selects Off-map Airburst Barrage
Construct Company Command Post
Selects BL5.5 Artillery Emplacement
Selects Valour
Off-map Airburst Barrage
Foot Guards Section
Foot Guards Section
Selects Gurkha Rifles Section
Unlock M3 Grant Medium Tanks
GetSlaped
崔小海
el campo
MaXiS
0
0
Comments
sign in to comment!
No comments posted yet!